 Dungeon Crawl Stone Soup version 0.31-a0-37-g98a128e1d9 (webtiles) character file.

Game seed: 13151506212889593111

347 horus123 the Grasshopper (level 6, -6/41 HPs)
             Began as a Human Fire Elementalist on May 15, 2023.
             Mangled by a yak (12 damage)
             ... on level 5 of the Dungeon.
             The game lasted 00:11:02 (4120 turns).

horus123 the Grasshopper (Human Fire Elementalist)  Turns: 4120, Time: 00:11:02

Health: -6/41      AC:  3    Str: 10    XL:     6   Next: 90%
Magic:  3/10       EV: 12    Int: 21    God:
Gold:   169        SH:  0    Dex: 19    Spells: 1/11 levels left

rFire   + + .        r - staff of fire
rCold   + . .        (no shield)
rNeg    . . .        a - +0 robe
rPois   .            (no helmet)
rElec   .            d - scarf {rC+ rF+}
rCorr   .            z - +0 pair of gloves
SInv    .            (no boots)
Will    +....        (no amulet)
Stlth   ++           t - ring "Vohec" {Fly Will+ Str+2 Int+3}
HPRegen 0.26/turn    o - +6 ring of dexterity
MPRegen 0.12/turn

%: no passive effects
@: flying
A: no striking features
a: no special abilities


You were on level 5 of the Dungeon.
You visited 1 branch of the dungeon, and saw 5 of its levels.

You collected 304 gold pieces.
You spent 135 gold pieces at shops.

Inventory:

Hand Weapons
 f - a +0 dagger
 n - a +0 mace
 q - a +0 falchion
Armour
 a - a +0 robe (worn)
 d - a scarf of resistance (worn)
 z - a +0 pair of gloves (worn)
Magical Staves
 r - a staff of fire (weapon)
 B - a staff of conjuration
Jewellery
 l - a ring of protection from cold
 o - a +6 ring of dexterity (right hand)
 t - the ring "Vohec" (left hand) {Fly Will+ Str+2 Int+3}
   (You bought it in a shop on level 3 of the Dungeon)

   [ring of flight]

   Str:       It affects your strength (+2).
   Int:       It affects your intelligence (+3).
   Fly:       It grants you flight.
   Will:      It increases your willpower.
 v - a ring of flight
 y - a +4 ring of slaying
Wands
 w - a wand of polymorph (8)
Scrolls
 g - 2 scrolls of teleportation
 k - a scroll of identify
 m - a scroll of poison {unknown}
 p - a scroll of blinking
 s - 2 scrolls of immolation {unknown}
 u - 2 scrolls of magic mapping {unknown}
 x - a scroll of fog {unknown}
Potions
 c - a potion of invisibility {unknown}
 e - 2 potions of cancellation {unknown}
 h - a potion of degeneration {unknown}
 i - 6 potions of curing {unknown}
 j - a potion of attraction {unknown}
 A - a potion of lignification {unknown}
 C - a potion of might {unknown}
 D - a potion of mutation {unknown}


   Skills:
 - Level 2.0 Dodging
 - Level 2.0 Stealth
 - Level 3.2 Spellcasting
 - Level 1.0 Conjurations
 + Level 4.8 Translocations
 - Level 4.1 Fire Magic


You had one spell level left.
You knew the following spells:

 Your Spells              Type           Power      Damage    Failure   Level
a - Foxfire               Conj/Fire      84%        2x1d8     4%          1
b - Scorch                Fire           62%        2d8       3%          2
c - Volatile Blastmotes   Fire/Tloc      66%        2d15      6%          3
d - Blink                 Tloc           46%        N/A       2%          2
e - Momentum Strike       Conj/Tloc      30%        3d8       6%          2

Your spell library contained the following spells:

 Spells                   Type           Power      Damage    Failure   Level
 Beastly Appendage        Tmut           6%         N/A       13%         1
 Lesser Beckoning         Tloc           46%        N/A       2%          2
 Inner Flame              Hex/Fire       18%        N/A       17%         3
 Wereblood                Tmut           3%         N/A       21%         2
 Spider Form              Tmut/Pois      3%         N/A       36%         3
 Flame Wave               Conj/Fire      21%        2d8       41%         4


Dungeon Overview and Level Annotations

Branches:
Dungeon (5/15)
 Temple: D:4-7

Altars:

Shops:
D:1 !   D:3 *   D:4 **


Message History

Blink to where?
Press: ? - help, Dir - move target
As you read the scroll of blinking, it crumbles to dust.
You cannot move.
You are too injured to fight recklessly!
Unknown command.
Casting: Foxfire (safe; 4% risk of failure)
Press: ? - help, Q - select action, (/) - cycle Dir - look around, f - activate You feel a surge of power!
You conjure some foxfire!
The foxfire hits the yak but does no damage.
The yak is lightly wounded.
Casting: Foxfire (safe; 4% risk of failure)
Press: ? - help, Q - select action, (/) - cycle Dir - look around, f - activate You feel a surge of power!
You conjure some foxfire!
The foxfire hits the yak.
The yak is lightly wounded.
You are no longer robbed of momentum.
The foxfire hits the yak.
The yak is lightly wounded.
The foxfire hits the yak.
The yak is moderately wounded.
Casting: Foxfire (safe; 4% risk of failure)
Press: ? - help, Q - select action, (/) - cycle Dir - look around, f - activate
Okay, then.
Casting: Foxfire (safe; 4% risk of failure)
Confirm with . or Enter, or press ? or * to list all spells.
You feel a surge of power!
Flames lash the yak.
The yak is moderately wounded.
The yak's fire resistance burns away.
Unknown command.
Casting: Scorch (safe; 3% risk of failure)
Confirm with . or Enter, or press ? or * to list all spells.
You feel a surge of power!
Flames lash the yak.
The yak is burned terribly!
The yak is heavily wounded.
Casting: Scorch (safe; 3% risk of failure)
Confirm with . or Enter, or press ? or * to list all spells.
You feel a surge of power!
Flames lash the yak.
The yak is lightly wounded.
The yak's fire resistance burns away.
The yak gores you!
You die...

.... #..# #.#
#..# #.# #..#
#.# ######..#
#.# ...##..#
#.# ##.##..#
#.#
#...#<.####.#
#.#....h.YY@#
#.h.#...#####
#.###.#.#
#.h. #.#.#
#.... #.#.#
#........# #
#.........#
##.......##
.....


You could see 2 yaks and a black bear.

Vanquished Creatures
  A yak (D:5)
  2 hounds
  An orc priest (D:4)
  3 adders
  2 ufetubi (D:4)
  3 dart slugs
  9 orcs
  4 ball pythons
  3 bats (D:1)
  7 endoplasms
  A giant cockroach (D:1)
  7 goblins
  7 hobgoblins
  2 quokkas (D:2)
  5 frilled lizards
  3 kobolds
  3 rats (D:3)
63 creatures vanquished.

Vanquished Creatures (collateral kills)
  A foxfire (D:1)
1 creature vanquished.

Vanquished Creatures (others)
  190 foxfires
190 creatures vanquished.

Grand Total: 254 creatures vanquished

Notes
Turn   | Place    | Note
-------+----------+-------------------------------------------
     0 | D:1      | horus123 the Human Fire Elementalist began the quest for
                  | the Orb.
     0 | D:1      | Reached XP level 1. HP: 13/13 MP: 3/3
   243 | D:1      | Reached XP level 2. HP: 19/19 MP: 0/5
   314 | D:1      | Learned a level 2 spell: Scorch
   628 | D:1      | Found Ytocw's Distillery.
   831 | D:1      | Reached XP level 3. HP: 24/24 MP: 1/6
  2144 | D:3      | Reached XP level 4. HP: 29/30 MP: 1/8
  2207 | D:3      | Learned a level 3 spell: Volatile Blastmotes
  2272 | D:3      | Found Xuhet's Assorted Antiques.
  2287 | D:3      | Bought a brightly glowing ivory ring for 135 gold pieces
  2287 | D:3      | Identified the ring "Vohec" {Fly Will+ Str+2 Int+3} (You
                  | bought it in a shop on level 3 of the Dungeon)
  2332 | D:3      | Reached skill level 1 in Translocations
  2483 | D:3      | Reached XP level 5. HP: 35/35 MP: 5/9
  3622 | D:4      | Learned a level 2 spell: Blink
  3625 | D:4      | Learned a level 2 spell: Momentum Strike
  3661 | D:4      | Found Ciovic's Assorted Antiques.
  3872 | D:4      | Reached XP level 6. HP: 30/41 MP: 2/10
  3940 | D:4      | Found Heighiri's Gadget Gallery.
  4096 | D:5      | Entered Level 5 of the Dungeon
  4100 | D:5      | Noticed a yak
  4100 | D:5      | Noticed a yak
  4100 | D:5      | Noticed a yak
  4103 | D:5      | Noticed a black bear
  4111 | D:5      | Killed a yak
  4120 | D:5      | Mangled by a yak

Illustrated notes

Levels and vault maps discovered:
D:1:      ncdulo_wetmaze, layout_basic, serial_shops, shop,
          chequers_serial_rivers_room_a
D:2:      layout_basic
D:3:      layout_basic, serial_shops, shop
D:4:      layout_rooms, serial_shops, shop, nicolae_shop_gadgets
D:5:      layout_loops_ring, overflow_temple_1_default, dk_noncrumbling_4

Skill      XL: |  1  2  3  4  5  6 |
---------------+-------------------+-----
Fire Magic     | 4 |  4.1
Spellcasting   | 3 |  3.2
Translocations | 1 3 4 |  4.8
Dodging        | |  2.0
Stealth        | |  2.0
Conjurations   | |  1.0

Action                     |  1- 3 |  4- 6 || total
---------------------------+-------+-------++-------
  Melee: Dagger            |     1 |       ||     1
         Falchion          |     1 |       ||     1
         Staff             |       |     2 ||     2
   Cast: Foxfire           |    55 |    55 ||   110
         Scorch            |     3 |    12 ||    15
         Momentum Strike   |       |     1 ||     1
    Use: Scroll            |       |     4 ||     4
         Potion            |       |     1 ||     1
 Armour: Robe              |     3 |     3 ||     6
  Dodge: Dodged            |    13 |    18 ||    31

Table legend: (Time is in decaauts)
 A = Elapsed time spent in this place.
 B = Non-inter-level travel time spent in this place.
 C = Inter-level travel time spent in this place.
 D = Time resting spent in this place.
 E = Time spent auto-exploring this place.
 F = Levels seen in this place.
 G = Mean time per level.
                   A        B        C        D        E       F      G
               +--------+--------+--------+--------+--------+-----+--------+
         Total |   4119 |   4033 |     86 |    433 |   3061 |   5 |  823.8 |
       Dungeon |   4119 |   4033 |     86 |    433 |   3061 |   5 |  823.8 |
               +--------+--------+--------+--------+--------+-----+--------+

Top non-repeatable levels by time:
     D:3: 1259 daAuts
     D:1: 1035 daAuts
     D:2: 969 daAuts
     D:4: 831 daAuts
     D:5: 23 daAuts
